 Dungeon Crawl Stone Soup version 0.30-a0-743-gbfdf073431 (webtiles) character file.

Game seed: 9237495055171568666

32 pokeman the Magician (level 3, 0/20 HPs)
             Began as a Deep Elf Hedge Wizard on Feb 5, 2023.
             Killed by nerve-wracking pain
             ... invoked by an orc priest
              (10 damage)
             ... on level 3 of the Dungeon.
             The game lasted 00:02:26 (2096 turns).

pokeman the Magician (Deep Elf Hedge Wizard)        Turns: 2096, Time: 00:02:27

Health: 0/20       AC:  2    Str:  7    XL:     3   Next: 10%
Magic:  14/20      EV: 12    Int: 20    God:
Gold:   110        SH:  0    Dex: 14    Spells: 4/12 levels left

rFire   . . .      SeeInvis .    j - +2 dagger (speed)
rCold   . . .      Faith    .    (no shield)
rNeg    . . .      Spirit   .    b - +0 robe
rPois   .          Reflect  .    c - +0 hat
rElec   .          Harm     .    (no cloak)
rCorr   .          Rampage  .    (no gloves)
Will    .....                    (no boots)
Stlth   ++                       (no amulet)
HPRegen 0.23/turn                o - ring of magical power
MPRegen 0.17/turn                (no ring)

@: no status effects
A: no striking features
a: no special abilities


You were on level 3 of the Dungeon.
You visited 1 branch of the dungeon, and saw 3 of its levels.

You collected 110 gold pieces.

Inventory:

Hand Weapons
 j - a +2 dagger of speed (weapon)
Armour
 b - a +0 robe (worn)
 c - a +0 hat (worn)
 p - a +0 kite shield
Jewellery
 o - a ring of magical power (left hand)
Scrolls
 a - 2 scrolls of teleportation {unknown}
 g - 2 scrolls of amnesia {unknown}
 k - a scroll of immolation {unknown}
 n - a scroll of identify {unknown}
Potions
 d - a potion of magic
 e - 2 potions of flight {unknown}
 f - a potion of heal wounds {unknown}
 h - a potion of mutation {unknown}
 i - 2 potions of curing {unknown}
 l - 2 potions of invisibility {unknown}
 m - 2 potions of cancellation {unknown}


   Skills:
 + Level 0.7 Fighting
 + Level 0.8 Armour
 - Level 2.4 Dodging
 - Level 2.4 Stealth
 * Level 5.0 Spellcasting
 + Level 1.8 Conjurations
 - Level 1.1 Summonings
 - Level 1.1 Translocations


You had 4 spell levels left.
You knew the following spells:

 Your Spells              Type           Power      Damage    Failure   Level
a - Magic Dart            Conj           48%        1d5       5%          1
b - Mephitic Cloud        Conj/Pois/Air  7%         N/A       26%         3
c - Call Imp              Summ           9%         N/A       11%         2
d - Blink                 Tloc           18%        N/A       11%         2

Your spell library contained the following spells:

 Spells                   Type           Power      Damage    Failure   Level
 Momentum Strike          Conj/Tloc      20%        3d8       10%         2
 Lesser Beckoning         Tloc           18%        N/A       11%         2
 Slow                     Hex            20%        N/A       12%         1
 Cigotuvi's Dreadful Rot  Necr/Pois/Air  10%        N/A       17%         2


Dungeon Overview and Level Annotations

Branches:
Dungeon (3/15)

Altars:
Hepliaklqana

Shops:
D:2 [


Message History

Unknown command.
An orc and an orc wizard come into view.
Found 6 stones.
Found a sapphire potion.
The orc priest shouts!
You hear a shout!
The orc shouts!
A rat comes into view.
An orc wizard comes into view. It is wielding a +0 dagger.
The orc priest invokes the aid of Beogh against you.
Pain shoots through your body!
An orc comes into view. It is wielding a +0 flail.
Casting: Magic Dart (safe; 5% risk of failure)
Confirm with . or Enter, or press ? or * to list all spells.
The spell is extremely dangerous to miscast (26% risk of failure)!
Continue anyway? [Y]es or [N]o only, please.
The spell is extremely dangerous to miscast (26% risk of failure)!
Continue anyway?
Aiming: Mephitic Cloud (extremely dangerous; 26% risk of failure)
Press: ? - help, Shift-Dir - straight line The ball explodes into a vile cloud!
The stinking cloud engulfs the orc priest but does no damage.
The orc wizard shouts! x2; You hear a shout!
You hear an angry hiss.
You hear a bark!
You hear an angry hiss.
You hear a bark!
The orc throws a boomerang.
The boomerang hits you.
An orc comes into view. It is wielding a +0 whip.
The orc wizard is engulfed in noxious fumes.
The orc wizard appears confused.
Casting: Mephitic Cloud (extremely dangerous; 26% risk of failure)
Confirm with . or Enter, or press ? or * to list all spells.
The spell is extremely dangerous to miscast (26% risk of failure)!
Continue anyway?
Aiming: Mephitic Cloud (extremely dangerous; 26% risk of failure)
Press: ? - help, Shift-Dir - straight line, f - orc priest
Aim: an orc priest, wielding a +0 club (chance to affect: 86%)
The ball explodes into a vile cloud!
The stinking cloud engulfs the orc priest but does no damage.
The orc wizard is engulfed in noxious fumes.
The orc wizard appears confused.
The orc priest is engulfed in noxious fumes.
The orc priest invokes the aid of Beogh against you.
Pain shoots through your body!
Ouch! That really hurt!
You die...

.........
#r......##
#.........
.r.......
.........
#...o○...
#######..○°☼o..
#.....@..☼o○...
#.######...☼#..
#.# ....... #.#
..o.#.. #.#
..!o(.. #<#
####.## ### ...
#.


You could see an orc priest, 2 orc wizards, 2 orcs and a rat.

Vanquished Creatures
  4 bats
  4 endoplasms (D:1)
  A giant cockroach (D:1)
  4 goblins (D:1)
  4 hobgoblins
  A kobold (D:1)
  2 quokkas
  4 ball pythons
  2 frilled lizards (D:1)
  3 rats
29 creatures vanquished.

Notes
Turn   | Place    | Note
-------+----------+-------------------------------------------
     0 | D:1      | pokeman the Deep Elf Hedge Wizard began the quest for the
                  | Orb.
     0 | D:1      | Reached XP level 1. HP: 10/10 MP: 7/7
   312 | D:1      | Reached XP level 2. HP: 15/15 MP: 5/9
   797 | D:1      | Reached skill level 5 in Spellcasting
  1177 | D:2      | Found a hazy altar of Hepliaklqana.
  1197 | D:2      | Found Cialae Aqot's Armour Shop.
  1198 | D:2      | You fall into a shaft and drop 1 floor!
  1232 | D:3      | Reached XP level 3. HP: 20/20 MP: 9/11
  1236 | D:3      | Learned a level 3 spell: Mephitic Cloud
  1239 | D:3      | Learned a level 2 spell: Call Imp
  1242 | D:3      | Learned a level 2 spell: Blink
  2096 | D:3      | Killed from afar by an orc priest

Illustrated notes

Levels and vault maps discovered:
D:1:      lightli_arrival_isolated_outpost, layout_loops_ring
D:2:      layout_basic, serial_shops, nicolae_shop_waterfront, basic_altar,
          kennysheep_cross_bottleneck, hangedman_decor_growths,
          chequers_serial_rivers_large_a
D:3:      layout_basic

Skill      XL: |  1  2 |
---------------+-------+-----
Spellcasting   | 5 |  5.0
Fighting       | |  0.7
Armour         | |  0.8
Dodging        | |  2.4
Stealth        | |  2.4
Conjurations   | |  1.8
Summonings     | |  1.1
Translocations | |  1.1

Action                     || total
---------------------------++-------
   Cast: Magic Dart        ||    67
         Mephitic Cloud    ||     2
  Dodge: Dodged            ||     4

Table legend: (Time is in decaauts)
 A = Elapsed time spent in this place.
 B = Non-inter-level travel time spent in this place.
 C = Inter-level travel time spent in this place.
 D = Time resting spent in this place.
 E = Time spent auto-exploring this place.
 F = Levels seen in this place.
 G = Mean time per level.
                   A        B        C        D        E       F      G
               +--------+--------+--------+--------+--------+-----+--------+
         Total |   2112 |   2060 |     52 |      0 |   1888 |   3 |  704.0 |
       Dungeon |   2112 |   2060 |     52 |      0 |   1888 |   3 |  704.0 |
               +--------+--------+--------+--------+--------+-----+--------+

Top non-repeatable levels by time:
     D:1: 995 daAuts
     D:2: 977 daAuts
     D:3: 139 daAuts
